Map: Sequencer LE

Players

HakunaMatata - Winner!

  • Race: Protoss Protoss
  • League: Platinum
  • Spawn Location: 1:00

Yata

  • Race: Zerg Zerg
  • League: Bronze
  • Spawn Location: 7:00

VOD

Have the link to the VOD?

Description

Time

  • Played on: July 7, 2017, 2:43 p.m.
  • Length: 7:27
Show
View Real Time Build Order
Export as new Build Order

HakunaMatata Protoss - Winner!

Build Orders:  

Get SALT Encoding   

  12  0:00  Probe (Chrono Boost)  
  13  0:11  Probe (Chrono Boost)  
  14  0:18  Pylon  
  14  0:22  Probe (Chrono Boost)  
  15  0:37  Probe (Chrono Boost)  
  15  0:41  Forge  
  16  0:47  Probe (Chrono Boost)  
  17  0:58  Pylon, Probe (Chrono Boost)  
  17  1:02  Pylon  
  18  1:18  Photon Cannon  
  18  1:22  Photon Cannon  
  18  1:32  Pylon  
  18  1:33  Probe (Chrono Boost)  
  18  1:34  Pylon  
  19  1:49  Pylon  
  19  1:55  Probe (Chrono Boost)  
  19  1:57  Pylon  
  19  1:58  Pylon  
  19  2:10  Pylon  
  19  2:11  Probe (Chrono Boost)  
  20  2:16  Photon Cannon  
  20  2:22  Probe (Chrono Boost)  
  21  2:34  Probe (Chrono Boost)  
  22  2:39  Nexus  
  22  2:44  Probe (Chrono Boost)  
  23  2:58  Gateway  
  23  3:08  Photon Cannon  
  23  3:12  Probe (Chrono Boost)  
  24  3:15  Pylon, Assimilator  
  24  3:16  Assimilator  
  24  3:23  Probe (Chrono Boost)  
  25  3:29  Pylon  
  25  3:33  Probe (Chrono Boost)  
  26  3:44  Probe (Chrono Boost)  
  27  3:53  Probe (Chrono Boost)  
  27  3:54  Probe (Chrono Boost)  
  29  3:59  Assimilator  
  29  4:00  Assimilator  
  29  4:05  Probe x2 (Chrono Boost)  
  29  4:06  Cybernetics Core  
  31  4:15  Probe (Chrono Boost)  
  31  4:16  Probe (Chrono Boost)  
  33  4:23  Pylon  
  33  4:26  Probe x2 (Chrono Boost)  
  35  4:37  Probe x2 (Chrono Boost)  
  37  4:46  Stargate x2  
  37  4:47  Probe (Chrono Boost)  
  37  4:48  Probe (Chrono Boost)  
  37  4:50  Stargate  
  39  4:58  Probe x2 (Chrono Boost)  
  41  5:00  Warp Gate  
  41  5:08  Probe (Chrono Boost)  
  41  5:09  Probe (Chrono Boost)  
  43  5:19  Probe (Chrono Boost)  
  44  5:22  Probe (Chrono Boost)  
  45  5:29  Probe (Chrono Boost)  
  45  5:30  Nexus  
  45  5:33  Void Ray  
  50  5:42  Void Ray  
  54  5:50  Void Ray  
  58  5:58  Probe (Chrono Boost)  
  58  5:59  Probe (Chrono Boost)  
  60  6:06  Robotics Facility  
  60  6:09  Probe (Chrono Boost)  
  60  6:10  Probe (Chrono Boost)  
  62  6:19  Probe (Chrono Boost)  
  62  6:20  Probe (Chrono Boost)  
  62  6:23  Assimilator  
  64  6:27  Void Ray  
  64  6:29  Void Ray  
  64  6:30  Probe (Chrono Boost)  
  64  6:31  Probe (Chrono Boost)  
  73  6:40  Probe (Chrono Boost)  
  73  6:41  Probe (Chrono Boost)  
  73  6:44  Probe (Chrono Boost)  
  76  6:51  Probe (Chrono Boost)  
  76  6:52  Probe (Chrono Boost)  
  78  6:55  Probe (Chrono Boost)  
  79  7:08  Robotics Bay  
  79  7:13  Probe x3 (Chrono Boost)  
  79  7:14  Robotics Facility  
  82  7:16  Robotics Facility  
  82  7:23  Pylon  
  82  7:24  Pylon  
  82  7:26  Pylon  
Show
View Real Time Build Order
Export as new Build Order

Yata Zerg 

Build Orders: Hatch First 

Get SALT Encoding   

  12  0:01  Drone  
  13  0:12  Overlord  
  13  0:19  Drone  
  14  0:31  Drone x2  
  14  0:35  Drone  
  17  0:54  Hatchery  
  16  1:19  Spawning Pool  
  15  1:49  Drone x3  
  11  2:23  Zergling x10  
  11  2:24  Queen  
  11  2:25  Queen  
  19  2:36  Spine Crawler  
  17  2:50  Zergling x2  
  16  2:51  Zergling x2  
  14  3:15  Zergling x6  
  12  3:30  Zergling x2  
  12  3:31  Zergling x2  
  14  3:40  Drone x2  
  15  3:47  Drone  
  10  4:22  Drone x3  
  13  4:40  Hatchery  
  13  4:43  Drone  
  13  4:55  Queen  
  15  5:05  Drone x2  
  17  5:08  Extractor  
  16  5:23  Roach Warren  
  15  5:34  Drone  
  15  5:35  Drone x2  
  18  5:45  Drone  
  19  5:54  Queen  
  21  6:01  Drone  
  22  6:06  Drone x2  
  24  6:13  Extractor  
  23  6:26  Roach  
  23  6:30  Roach  
  27  6:59  Overlord x2  
Tags
 
Matchup
PvZ
Replay Pack
Pack 1
Spawn Locations
Cross Positions
Add a new tag
Caveats
  • Supply blocks, unpowered buildings, or Contaminate may cause inaccurate times.
  • Supply counts are checked every 10 seconds.